 Dungeon Crawl Stone Soup version 0.26-a0-466-g989023bd0d (webtiles) character file.

Game seed: 17205042011277745482

15264 Apogee the Cleaver (level 11, -6/108 HPs)
             Began as a Deep Dwarf Hunter on Aug 6, 2020.
             Was a Priest of Makhleb.
             Killed from afar by Fannar (36 damage)
             ... with a bolt of cold
             ... on level 2 of the Lair of Beasts.
             The game lasted 00:35:35 (10488 turns).

Apogee the Cleaver (Deep Dwarf Hunter)             Turns: 10488, Time: 00:35:36

Health: -6/108     AC: 17    Str: 19    XL:     11   Next: 99%
Magic:  0/0        EV:  9    Int: 12    God:    Makhleb [***...]
Gold:   699        SH:  0    Dex: 13    Spells: 10/10 levels left

rFire    + . .     SeeInvis .   P - +0 war axe
rCold    . . .     Faith    .   (no shield)
rNeg     + . .     Spirit   .   D - +0 chain mail
rPois    .         Reflect  .   y - +2 helmet
rElec    .         Harm     .   (no cloak)
rCorr    .                      g - +0 pair of gloves
MR       +....                  (no boots)
Stlth    ..........             (no amulet)
HPRegen  0.00/turn              i - ring of protection from fire
MPRegen  0.07/turn              T - ring of positive energy

@: non-regenerating
A: damage resistance, heal wounds, sense surroundings 2, no regeneration
a: Heal Wounds, Minor Destruction, Lesser Servant of Makhleb, Renounce Religion


You were on level 2 of the Lair of Beasts.
You worshipped Makhleb.
Makhleb was most pleased with you.
You visited 3 branches of the dungeon, and saw 13 of its levels.

You collected 699 gold pieces.

Inventory:

Hand Weapons
 a - a +1 hand crossbow
 b - a +0 hand axe
   (You took it off an orc on level 3 of the Dungeon)
 P - a +0 war axe (weapon)
   (You took it off Maggie on level 9 of the Dungeon)
 S - a +1 hand axe of flaming
   (You took it off an orc on level 8 of the Dungeon)
Missiles
 f - a throwing net {!f}
 h - 350 stones (quivered)
 M - 36 bolts
Armour
 g - a +0 pair of gloves (worn)
   (You found it on level 2 of the Dungeon)
 v - a +0 cloak
   (You took it off Maurice on level 9 of the Dungeon)
 y - a +2 helmet (worn)
   (You took it off Robin on level 4 of the Dungeon)
 D - a +0 chain mail (worn)
   (You found it on level 5 of the Dungeon)
 I - a +1 hat of magic resistance
   (You took it off Gastronok on level 8 of the Dungeon)
Jewellery
 i - a ring of protection from fire (left hand)
   (You found it on level 1 of the Dungeon)
 l - a +6 ring of intelligence
   (You found it on level 1 of the Dungeon)
 p - an uncursed ring of resist corrosion
   (You found it on level 2 of the Dungeon)
 B - a cursed amulet of inaccuracy {unknown}
   (You found it on level 4 of the Dungeon)
 E - an uncursed ring of protection from fire
   (You found it on level 5 of the Dungeon)
 N - an uncursed ring of poison resistance
   (You found it on level 8 of the Dungeon)
 T - a ring of positive energy (right hand)
   (You found it on level 9 of the Dungeon)
Wands
 d - a wand of iceblast (13)
   (You found it on level 9 of the Dungeon)
 t - a wand of flame (24)
   (You took it off Ijyb on level 4 of the Dungeon)
 u - a wand of paralysis (10)
   (You found it on level 10 of the Dungeon)
 x - a wand of acid (6)
   (You took it off Erica on level 9 of the Dungeon)
 K - a wand of polymorph (8)
   (You found it on level 6 of the Dungeon)
 L - a wand of enslavement (7)
   (You found it on level 6 of the Dungeon)
Scrolls
 e - 5 scrolls of enchant weapon
 n - a scroll of magic mapping
 o - 2 scrolls of fog {unknown}
 q - 5 scrolls of remove curse {@r2}
 r - 7 scrolls of identify {@r1}
 z - 2 scrolls of immolation {unknown}
 F - a scroll of enchant armour
 O - a scroll of random uselessness {unknown}
 Q - 6 scrolls of teleportation {@r4}
Potions
 c - 4 potions of flight
 j - 2 potions of heal wounds {@q2}
 k - 4 potions of stabbing
 m - 2 potions of mutation {!q}
 s - a potion of cancellation {unknown}
 w - a potion of might
 A - a potion of invisibility {unknown}
 C - 5 potions of curing {@q1}
 G - a potion of brilliance {unknown}
 H - a potion of magic
 J - 3 potions of degeneration {unknown}
 R - 2 potions of lignification {!q}


   Skills:
 + Level 10.1 Fighting
 + Level 13.0 Axes
 - Level 4.3 Crossbows
 + Level 11.1 Armour
 - Level 2.1 Dodging
 - Level 1.2 Stealth
 - Level 4.0 Invocations


You had 10 spell levels left.
You didn't know any spells.
Your spell library was empty.

Dungeon Overview and Level Annotations

Branches:
Dungeon (10/15)            Temple (1/1) D:4            Lair (2/6) D:8
    Orc (0/2) D:9
  Swamp: Lair:2-4    Shoals: Lair:2-4     Snake: Lair:2-4    Spider: Lair:2-4

Altars:
Ashenzari
Cheibriados
Dithmenos
Elyvilon
Fedhas
Gozag
Kikubaaqudgha
Makhleb
Nemelex Xobeh
Okawaru
Qazlal
Ru
Sif Muna
Trog
Uskayaw
Vehumet
Wu Jian
Xom
Yredelemnul
Zin
The Shining One

Annotations:
D:7 Pikel
Lair:2 Fannar


Innate Abilities, Weirdness & Mutations

You are resistant to damage.
You can heal yourself by infusing magical energy.
You passively map the area around you.
You do not regenerate.


Message History

You hit Fannar but do no damage. You closely miss the ice beast.
Fannar hits you but does no damage. Fannar freezes you!
You closely miss Fannar. You slash the ice beast!
Your hellwing barely misses Fannar.
Your hellwing hits Fannar.
The ice beast hits you but does no damage.
Fannar barely misses you.
You slash Fannar! You slash the ice beast!
Your hellwing barely misses Fannar.
Your hellwing misses Fannar.
The ice beast hits you but does no damage.
Fannar barely misses you.
You completely miss Fannar. You closely miss the ice beast.
Your hellwing misses Fannar. Your hellwing hits Fannar.
The ice beast hits you but does no damage.
You hit Fannar. You hit the ice beast. Fannar hits you but does no damage.
Fannar freezes you!
Your hellwing closely misses Fannar.
Your hellwing hits Fannar but does no damage.
The ice beast hits you but does no damage.
You closely miss Fannar. You hit the ice beast.
Fannar hits you with an uncursed staff of cold.
Fannar freezes you!
* * * LOW HITPOINT WARNING * * *
Your hellwing closely misses Fannar.
Your hellwing hits Fannar but does no damage.
You barely miss Fannar. You hit the ice beast.
The ice beast closely misses you.
Fannar gestures wildly while chanting.
You miss Fannar. You hit the ice beast.
Your hellwing hits Fannar but does no damage.
Your hellwing barely misses Fannar.
The ice beast barely misses you.
You hit Fannar. You slash the ice beast!
You kill the ice beast!
Fannar closely misses you.
Your hellwing misses Fannar. x2
You hit Fannar but do no damage.
The ice beast closely misses your hellwing.
Fannar hits you but does no damage. Fannar freezes you!
* * * LOW HITPOINT WARNING * * *
Your hellwing hits Fannar but does no damage.
Your hellwing closely misses Fannar.
You barely miss Fannar.
The ice beast closely misses your hellwing.
Fannar hits you but does no damage. Fannar freezes you!
* * * LOW HITPOINT WARNING * * *
Your hellwing hits Fannar but does no damage.
Your hellwing hits Fannar! You barely miss Fannar.
The ice beast hits your hellwing. The ice beast freezes your hellwing!
Your hellwing misses Fannar.
Your hellwing closely misses Fannar.
Fannar casts a spell at you. The bolt of cold hits you!!!
You die...

. , , , .......#* ** P ,
,,,, ..#...(# * * * ,
#.#....## ,* *#.#,, **
#.......# * #.# **
#.P!...###* ### ###.#####
#r........ ,, *
#.###.#.#.#.#
###H#.....P#* *
†...>.......###.#e#....##*
##.#....#.......@4Y$...#
#####.............Y....# #
#...[#.............# #
#....####..######### #
#.....# #### # #....## #
#....# #....P * #....##


You could see Fannar (icy armour), a hippogriff, 2 ice beasts, a porcupine and a
friendly hellwing (summoned).

Vanquished Creatures
  2 two-headed ogres
  A skeletal warrior (D:10)
  A harpy (D:7)
  3 elephants (Lair:2)
  Joseph (D:8)
  Maurice (D:9)
  A black mamba (Lair:2)
  Maggie (D:9)
  5 komodo dragons (Lair:1)
  2 hippogriffs
  A wyvern (D:10)
  9 yaks
  2 water moccasins (Lair:2)
  9 porcupines
  2 orc warriors
  A sky beast (D:8)
  A phantom (D:5)
  4 ogres
  4 centaurs
  3 crocodiles
  A big kobold (D:8)
  Blork the orc (D:4)
  7 bullfrogs
  A killer bee (D:9)
  2 scorpions
  4 wights (D:10)
  3 howler monkeys
  3 crimson imps (D:5)
  7 orc priests
  3 hounds
  2 jellies
  12 orc wizards
  2 centaur skeletons
  2 bullfrog skeletons
  Ijyb (D:4)
  11 iguanas
  4 worker ants
  A killer bee zombie (D:5)
  2 hound zombies
  A howler monkey zombie (D:7)
  A worker ant zombie (D:5)
  Robin (D:4)
  3 adders
  A shadow imp (D:8)
  A white imp (D:4)
  4 ufetubi
  An adder zombie (D:5)
  An adder skeleton (D:4)
  2 worms
  3 dart slugs
  5 leopard geckos
  24 orcs
  6 giant cockroaches
  15 goblins
  7 hobgoblins
  10 jackals
  5 quokkas
  2 ball pythons
  3 bats
  2 frilled lizards
  11 kobolds
  6 rats
  A fungus (Lair:1)
239 creatures vanquished.

Vanquished Creatures (collateral kills)
  Gastronok (D:8)
  2 hydras
  Erica (D:9)
  A komodo dragon (Lair:1)
  2 trolls (D:9)
  4 yaks
  2 water moccasins (Lair:2)
  2 ogres (D:9)
  A phantom (D:10)
  A bullfrog (Lair:1)
  2 gnoll sergeants (D:9)
  4 killer bees (D:9)
  A wight (D:10)
  A gnoll (D:9)
  3 orcs (D:9)
28 creatures vanquished.

Vanquished Creatures (others)
  A sky beast (D:9)
  An orc wizard (D:7)
  56 fungi
  11 plants
69 creatures vanquished.

Grand Total: 336 creatures vanquished

Notes
Turn   | Place    | Note
-------+----------+-------------------------------------------
     0 | D:1      | Apogee the Deep Dwarf Hunter began the quest for the Orb.
     0 | D:1      | Reached XP level 1. HP: 19/19 MP: 1/1
   118 | D:1      | Reached XP level 2. HP: 24/27 MP: 2/2
   750 | D:2      | Reached XP level 3. HP: 26/34 MP: 3/3
  1079 | D:2      | Found a bloodstained altar of Trog.
  1818 | D:3      | Reached skill level 1 in Armour
  2216 | D:3      | Reached XP level 4. HP: 35/43 MP: 3/3
  2481 | D:4      | Noticed Blork the orc
  2527 | D:4      | Found a staircase to the Ecumenical Temple.
  2535 | Temple   | Entered the Ecumenical Temple
  2666 | Temple   | Became a worshipper of Makhleb the Destroyer
  2731 | D:4      | Reached skill level 1 in Axes
  2947 | D:5      | Entered Level 5 of the Dungeon
  2970 | D:5      | Found a burning altar of Makhleb.
  3047 | D:5      | Noticed a phantom
  3070 | D:4      | Noticed Robin
  3082 | D:4      | Killed Robin
  3082 | D:4      | Reached skill level 2 in Axes
  3175 | D:3      | Reached XP level 5. HP: 26/50 MP: 4/4
  3742 | D:5      | Reached skill level 3 in Axes
  3819 | D:5      | Reached XP level 6. HP: 57/57 MP: 3/3
  3930 | D:6      | Reached skill level 4 in Axes
  3979 | D:6      | Found a basalt altar of Yredelemnul.
  4009 | D:6      | Noticed a sky beast
  4109 | D:4      | Killed Blork the orc
  4312 | D:4      | Noticed Ijyb
  4364 | D:4      | Killed Ijyb
  4516 | D:4      | Reached XP level 7. HP: 40/66 MP: 3/3
  4565 | D:4      | Found a snail-covered altar of Cheibriados.
  4626 | D:4      | Reached * piety under Makhleb
  4856 | D:5      | Reached skill level 5 in Axes
  5217 | D:5      | Reached skill level 5 in Fighting
  5324 | D:5      | Found a shimmering altar of Xom.
  5348 | D:5      | Reached skill level 6 in Axes
  5794 | D:5      | Reached XP level 8. HP: 37/74 MP: 4/4
  6172 | D:6      | Got a fine falchion
  6173 | D:6      | Identified the +3 falchion "Cischea" {flame, Dex+4} (You
                  | found it on level 6 of the Dungeon)
  6508 | D:7      | Found an ornate altar of the Wu Jian Council.
  6602 | D:7      | Reached skill level 7 in Axes
  6623 | D:7      | Reached skill level 5 in Armour
  6633 | D:7      | Noticed a hippogriff
  6634 | D:7      | Noticed a harpy
  6634 | D:7      | a hippogriff changed into a harpy
  6647 | D:7      | Killed a harpy
  6647 | D:7      | Reached ** piety under Makhleb
  6647 | D:7      | Reached skill level 8 in Axes
  6717 | D:7      | Found a radiant altar of Vehumet.
  6805 | D:7      | Noticed Pikel
  6847 | D:8      | Gained mutation: You passively map the area around you.
                  | [Deep Dwarf growth]
  6847 | D:8      | Reached XP level 9. HP: 34/82 MP: 5/5
  6871 | D:8      | Found a staircase to the Lair.
  7137 | D:8      | Reached skill level 9 in Axes
  7268 | D:8      | Noticed a two-headed ogre
  7300 | D:8      | Killed a two-headed ogre
  7300 | D:8      | Reached skill level 10 in Axes
  7451 | D:8      | Reached skill level 1 in Invocations
  7566 | D:8      | Reached *** piety under Makhleb
  7723 | D:8      | Reached XP level 10. HP: 38/94 MP: 5/5
  7743 | D:8      | Noticed Joseph
  7774 | D:8      | Killed Joseph
  7892 | D:8      | Found a sacrificial altar of Ru.
  8331 | D:9      | Noticed Maurice
  8433 | D:9      | Noticed Gastronok
  8443 | D:8      | Killed Gastronok
  8443 | D:8      | Reached skill level 11 in Axes
  8624 | D:9      | Killed Maurice
  8668 | D:9      | Noticed Maggie
  8713 | D:9      | Killed Maggie
  8764 | D:9      | Noticed Erica
  8779 | D:10     | Entered Level 10 of the Dungeon
  8877 | D:10     | Reached XP level 11. HP: 76/104 MP: 4/4
  8881 | D:10     | Noticed a skeletal warrior
  8894 | D:10     | Killed a skeletal warrior
  9012 | D:10     | Noticed a two-headed ogre
  9025 | D:10     | Killed a two-headed ogre
  9029 | D:10     | Reached skill level 12 in Axes
  9237 | D:10     | Noticed a skeletal warrior
  9237 | D:10     | Noticed a skeletal warrior
  9288 | D:9      | Killed Erica
  9321 | D:9      | Found a staircase to the Orcish Mines.
  9417 | Lair:1   | Entered Level 1 of the Lair of Beasts
  9484 | Lair:1   | Reached skill level 10 in Armour
  9542 | Lair:1   | Noticed an eight-headed hydra
  9550 | Lair:1   | Killed a nine-headed hydra
 10299 | Lair:2   | Noticed an eight-headed hydra
 10312 | Lair:2   | Killed a nine-headed hydra
 10312 | Lair:2   | Reached skill level 10 in Fighting
 10425 | Lair:2   | Reached skill level 13 in Axes
 10459 | Lair:2   | Noticed Fannar
 10488 | Lair:2   | Killed from afar by Fannar

Illustrated notes

Levels and vault maps discovered:
D:1:      dpeg_arrival_solitude, layout_basic, minmay_tripent
D:2:      layout_basic, bloody_trog
D:3:      layout_basic, nicolae_underground_beach
D:4:      layout_loops_corners, kennysheep_slug_shrine,
          minmay_temple_entry_glassed_door, uniq_ijyb, uniq_blork_the_orc,
          uniq_robin
D:5:      layout_loops_ring, basic_altar, serial_co_window_serial,
          co_window_corner_a, co_window_cross_1, co_window_paths_b,
          co_window_paths_b, co_window_corner_a, co_window_corner_b,
          co_window_broadway_b, co_window_of_opportunity_b, glass_columns_b,
          glass_columns_c, glass_columns_a, glass_columns_a, led_xom_imps
D:6:      layout_loops_ring, lemuel_doored_altar
D:7:      layout_loops_corners, old_standard_altar, basic_altar, uniq_pikel
D:8:      layout_loops_corners, nicolae_ru_awakened_eye,
          due_lair_maze_entry_diamond, uniq_joseph
D:9:      layout_rooms, kennysheep_orc_monster_closet_entryway, uniq_maurice,
          uniq_erica, uniq_gastronok, uniq_maggie
D:10:     layout_basic
Temple:   bh_familiar_temple
Lair:1:   beast_lair_carwin_large_4, layout_chaotic_city,
          chequers_serial_rivers_marsh
Lair:2:   layout_gridlike, wad_woods_road_05, serial_bayou_shore_b, uniq_fannar

Skill      XL: |  1  2  3  4  5  6  7  8  9 10 11 |
---------------+----------------------------------+-----
Fighting       | 2 3 4 5 6 7 8 10 | 10.1
Armour         | 1 2 3 4 6 7 9 11 | 11.1
Axes           | 2 3 4 6 8 10 11 13 | 13.0
Invocations    | 2 4 |  4.0
Crossbows      | |  4.3
Dodging        | |  2.1
Stealth        | |  1.2

Action                   |  1- 3 |  4- 6 |  7- 9 | 10-12 || total
-------------------------+-------+-------+-------+-------++-------
Melee: Mace              |   120 |       |       |       ||   120
       Hand axe          |    26 |   230 |   537 |   239 ||  1032
       War axe           |       |       |       |   191 ||   191
Invok: Minor Destruction |       |       |    20 |    72 ||    92
       Lesser Servant of |       |       |       |    20 ||    20
 Abil: Heal Wounds       |     2 |     9 |    14 |    25 ||    50
Evoke: Wand              |       |       |    11 |     2 ||    13
  Use: Scroll            |     4 |     8 |       |     5 ||    17
       Potion            |       |     1 |     4 |     5 ||    10
 Stab: Sleeping          |     3 |       |       |       ||     3
       Distracted        |     2 |       |       |     9 ||    11
Armor: Leather armour    |    24 |       |       |       ||    24
       Ring mail         |    33 |    28 |       |       ||    61
       Scale mail        |       |    86 |    13 |       ||    99
       Chain mail        |       |       |   246 |   269 ||   515
       Skin              |       |       |    14 |       ||    14
Dodge: Dodged            |    83 |   118 |   165 |   189 ||   555

Table legend: (Time is in decaauts)
 A = Elapsed time spent in this place.
 B = Non-inter-level travel time spent in this place.
 C = Inter-level travel time spent in this place.
 D = Time resting spent in this place.
 E = Time spent auto-exploring this place.
 F = Levels seen in this place.
 G = Mean time per level.
                   A        B        C        D        E       F      G
               +--------+--------+--------+--------+--------+-----+--------+
         Total |  10441 |   9716 |    725 |    913 |   5602 |  13 |  803.2 |
       Dungeon |   9254 |   8571 |    683 |    879 |   4830 |  10 |  925.4 |
        Temple |    159 |    132 |     27 |      0 |    127 |   1 |  159.0 |
          Lair |   1027 |   1013 |     14 |     34 |    645 |   2 |  513.5 |
               +--------+--------+--------+--------+--------+-----+--------+

Top non-repeatable levels by time:
     D:8: 1583 daAuts
     D:5: 1389 daAuts
     D:2: 1263 daAuts
     D:3: 1199 daAuts
     D:4: 1105 daAuts
  Lair:1: 735 daAuts
     D:1: 709 daAuts
     D:6: 613 daAuts
    D:10: 481 daAuts
     D:7: 475 daAuts
     D:9: 431 daAuts
  Lair:2: 291 daAuts
  Temple: 159 daAuts
